[Event "*** Titled Tuesday Blitz"]
[Site "Chess.com"]
[Date "2021.04.06"]
[Round "2"]
[White "lukazz029"]
[Black "Leo_C"]
[Result "1/2-1/2"]
[WhiteElo "2124"]
[BlackElo "2398"]
[TimeControl "180+1"]
[EndTime "10:18:55 PDT"]
[Termination "Game drawn - insufficient material"]

1. e4 Nf6 2. e5 Nd5 3. d4 d6 4.
Nf3 dxe5 5. Nxe5 c6 6. Bc4 Nd7 7. Qe2 Nxe5 8. dxe5 Bf5 9. O-O e6 10. a3 Bc5 11. b4 Bb6 12. Bd3 Bxd3 13. Qxd3 a5 14.
c4 Ne7 15. Qg3 axb4 16. Qxg7 Rg8 17. Qxh7 Qd4 18. Ra2 b3 19. Re2 Qg4 20. Qe4 Qxe4 21. Rxe4 Nf5 22. Nd2 Bc5 23. Nxb3 Bxa3 24. Bxa3 Rxa3 25. Nc5 b6 26. Nb7 Ke7 27. Rd1 Ra7 28. Nd6 Nxd6 29. exd6+ Kd7 30. Rf4 f5 31. Rh4 Rg7 32. Rh6 b5 33. c5 Ra4 34. h4 Rc4 35. Re1 Rxc5 36. Rhxe6 Rd5 37. Re7+ Rxe7 38. dxe7 Ke8 39.
h5 f4 40. Re6 Rxh5 41. Rxc6 Kxe7 42. Rb6 Rd5 43. Kh2 Kd7 44. Kh3 Kc7 45. Ra6 b4 46. Ra1 b3 47. Kg4 Rd4 48. Rb1 Rb4 49. g3 fxg3+ 50.
Kxg3 Kd6 51. f4 b2 52. Kg4 Ke6 53. Kg5 Kf7 54. f5 Rb5 55. Kg4 Kf6 56. Kf3 Kxf5 57.
Ke2 Ke4 58. Kd2 Kd4 59. Kc2 Kc4 60. Rxb2 Rxb2+ 61. Kxb2 1/2-1/2

[Event "*** Titled Tuesday Blitz"]
[Site "Chess.com"]
[Date "2021.04.06"]
[Round "2"]
[White "GalperinPlaton"]
[Black "Nozdrachev_Leonid"]
[Result "0-1"]
[WhiteElo "2826"]
[BlackElo "2558"]
[TimeControl "180+1"]
[EndTime "10:18:57 PDT"]
[Termination "Nozdrachev_Leonid won on time"]

1. c4 d6 2. Nc3 Nf6 3. d4 Bf5 4. g3 Nc6 5. Bg2 e5 6. Nf3 Be7 7. d5 Nb8 8. O-O O-O 9. Ne1 Na6 10. e4 Bg4 11. f3 Bd7 12. Nd3 Nc5 13. Be3 Nxd3 14.
Qxd3 c6 15. Rfd1 cxd5 16. cxd5 Qa5 17. Rab1 Rfc8 18. b4 Qd8 19. a4 a5 20. bxa5 Qxa5 21. Rdc1 Qa6 22. Qxa6 bxa6 23. a5 Bd8 24. Bb6 Ne8 25.
Bf1 Bg5 26. Rc2 Ba4 27. Nxa4 Rxc2 28. Bf2 Bd2 29. Nb6 Rb8 30. Ra1 Bc3 31. Ra4 Nc7 32.
Rc4 Nb5 33. Rc6 Nd4 34. Rxd6 Nxf3+ 35. Kg2 Bd4 36. Kxf3 Rxf2+ 37. Kg4 Rxf1 38. Nd7 h5+ 39. Kxh5 Rb2 40. Rxa6 Rxh2+ 41. Kg5 f6+ 42. Kg4 Rg2 43. Ra8+ Kf7 44. Nb6 Rfg1 0-1

[Event "*** Titled Tuesday Blitz"]
[Site "Chess.com"]
[Date "2021.04.06"]
[Round "2"]
[White "fighter2jz"]
[Black "anasta10"]
[Result "1-0"]
[WhiteElo "2770"]
[BlackElo "2517"]
[TimeControl "180+1"]
[EndTime "10:18:57 PDT"]
[Termination "fighter2jz won by resignation"]

1. e4 e6 2. d4 d5 3. Nc3 Bb4 4. e5 c5 5. a3 Bxc3+ 6. bxc3 Qa5 7. Bd2 Qa4 8. Qb1 c4 9. Ne2 Ne7 10. Nf4 Nbc6 11. Nh5 Rg8 12. Be2 b6 13. O-O Bd7 14. f4 O-O-O 15. g4 Rdf8 16. Ra2 f6 17. Qe1 Be8 18.
Ng3 Bg6 19. f5 exf5 20. gxf5 Be8 21. exf6 Rxf6 22. Bg5 Rf7 23. Bh5 g6 24. fxg6 Rxf1+ 25. Qxf1 Bxg6 26. Bxg6 Nxg6 27. Qf7 Rf8 28. Qxd5 Nf4 29.
Qd6 Ng6 30. Ne4 Re8 31. Qd5 Rxe4 32. Qxe4 Qb5 33. Qg4+ Kb7 34. Ra1 Qb2 35. Rf1 Na5 36. Qf3+ Ka6 37. Rf2 Qxa3 38. h4 h5 39. Qxh5 Qxc3 40.
Qxg6 Qg3+ 41. Rg2 Qe1+ 42. Kh2 c3 43. Qd3+ b5 44. Qg6+ Kb7 45. Qg7+ Ka6 46. Qf6+ Kb7 47. Qe7+ 1-0

[Event "*** Titled Tuesday Blitz"]
[Site "Chess.com"]
[Date "2021.04.06"]
[Round "2"]
[White "Majesth"]
[Black "annamaja"]
[Result "0-1"]
[WhiteElo "2462"]
[BlackElo "2273"]
[TimeControl "180+1"]
[EndTime "10:18:57 PDT"]
[Termination "annamaja won by checkmate"]

1. d4 d5 2. Bg5 Nf6 3. e3 Bf5 4. c4 e6 5. Qb3 b6 6. Bxf6 gxf6 7. cxd5 exd5 8. Bd3 Be6 9. Ne2 Bd6 10. Nbc3 c6 11.
Qc2 h6 12. Nf4 Qd7 13. O-O-O b5 14. Nh5 Be7 15. Ng7+ Kf8 16. Nf5 a5 17. f4 Bxf5 18. Bxf5 Qb7 19. e4 b4 20. Ne2 Na6 21. Kb1 c5 22. exd5 a4 23. dxc5 b3 24. Qc4 bxa2+ 25. Kxa2 Bxc5 26. d6 Nb4+ 27. Ka1 Be3 28. d7 Kg7 29.
Nc3 a3 30. b3 Rhd8 31. Nd5 Nxd5 32. Qxd5 Qb4 33. Rd3 Bxf4 34. Qc4 Be5+ 35. Ka2 Qb6 36. Rc1 Ra7 37. Rc2 Rc7 38. Qg4+ Kf8 39. Rxc7 Qxc7 40. Rd2 Qc3 41. Rd1 Qb2# 0-1

[Event "*** Titled Tuesday Blitz"]
[Site "Chess.com"]
[Date "2021.04.06"]
[Round "2"]
[White "korkmaz16"]
[Black "Mazanchenko_Dmitry"]
[Result "1-0"]
[WhiteElo "2432"]
[BlackElo "2199"]
[TimeControl "180+1"]
[EndTime "10:18:57 PDT"]
[Termination "korkmaz16 won on time"]

1. e4 c5 2. Nc3 e6 3. f4 d5 4. Nf3 Nf6 5. Bb5+ Bd7 6. Bxd7+ Qxd7 7. d3 dxe4 8. Nxe4 Nxe4 9. dxe4 Qxd1+ 10. Kxd1 Nc6 11. c3 O-O-O+ 12. Ke2 h6 13. Be3 f5 14.
Nd2 Be7 15. Rad1 b6 16. Kf3 g5 17. fxg5 hxg5 18. h3 Rd7 19. Nc4 b5 20. Rxd7 Kxd7 21. Nd2 Rd8 22. Nb3 Ne5+ 23. Ke2 Kc6 24. exf5 exf5 25.
g3 Nc4 26. Bc1 a5 27. Nd2 Ne5 28. h4 gxh4 29. gxh4 Rh8 30. h5 c4 31. Nf3 Nxf3 32. Kxf3 Bd6 33. Be3 Kd7 34. Bd4 Rh7 35. h6 Ke6 36.
Bg7 Be5 37. Re1 b4 38. Rxe5+ Kd6 39. Rxf5 b3 40. axb3 cxb3 41. Rxa5 Kc6 42. Kg4 Kb6 43. Rf5 Rxh6 44. Bxh6 1-0

[Event "*** Titled Tuesday Blitz"]
[Site "Chess.com"]
[Date "2021.04.06"]
[Round "2"]
[White "chesslh19"]
[Black "Manukyan_Artak"]
[Result "0-1"]
[WhiteElo "2242"]
[BlackElo "2467"]
[TimeControl "180+1"]
[EndTime "10:18:58 PDT"]
[Termination "Manukyan_Artak won on time"]

1. e4 c6 2. d4 d5 3. Nd2 dxe4 4.
Nxe4 Nf6 5. Nxf6+ exf6 6. Bc4 Bd6 7. Qe2+ Kf8 8. Nf3 Bg4 9. h3 Bh5 10. Be3 Nd7 11. O-O-O b5 12. Bd3 Nb6 13. g4 Bg6 14. Kb1 a5 15. h4 a4 16. h5 Bxd3 17. Qxd3 h6 18. Nh4 a3 19. b3 Nd5 20. Nf5 Bb4 21. Bd2 Qa5 22. Ne3 Nf4 23. Bxb4+ Qxb4 24. Qd2 Qxd2 25. Rxd2 Rd8 26. Rhd1 g6 27. d5 c5 28. d6 gxh5 29. gxh5 Nxh5 30. Rd5 Nf4 31. Rxc5 h5 32. Nf5 h4 33. Rxb5 h3 34. Rb4 Ne6 35. Rg4 Ng5 36. Rh1 h2 37. c4 Rh3 38. Kc2 Re8 39. Rg3 Rxg3 40. fxg3 Re2+ 41. Kd1 Rxa2 42. Kc1 Ra1+ 43. Kc2 Rxh1 44. d7 Ne6 0-1

[Event "*** Titled Tuesday Blitz"]
[Site "Chess.com"]
[Date "2021.04.06"]
[Round "2"]
[White "c_r_e_e_p_e_r"]
[Black "ENajer77"]
[Result "0-1"]
[WhiteElo "2376"]
[BlackElo "2631"]
[TimeControl "180+1"]
[EndTime "10:18:59 PDT"]
[Termination "ENajer77 won by resignation"]

1. c4 e5 2. Nc3 d6 3. Nf3 f5 4. d4 e4 5. Ng1 Be7 6. g3 Nf6 7. Bg2 O-O 8. Nh3 c6 9. d5 Nbd7 10. Nf4 Ne5 11. b3 g5 12. Ne6 Bxe6 13. dxe6 Ne8 14. Bb2 Ng7 15. c5 Nxe6 16. cxd6 Qxd6 17.
Qc1 Rad8 18. O-O g4 19. Rd1 Qc7 20. Qh6 Rf6 21. Qc1 Rxd1+ 22. Nxd1 Rf8 23. Qc3 Bf6 24. Qc2 Bg5 25. Ne3 Bxe3 26. fxe3 Ng6 27. Qc3 Qg7 28. Qd2 Qe7 29. a4 Rd8 30. Qc3 Qg7 31. Qc2 Qf7 32. Rd1 Rxd1+ 33. Qxd1 Qe7 34. Qc2 Qc5 35. Qd2 Qd5 36. Qc3 Qd7 37. h3 h5 38. Qf6 Qf7 39.
Qc3 Kh7 40. h4 Nc7 41. b4 Nd5 42. Qd4 a6 43. Bf1 Qe7 44. Ba3 Qe5 45. Qc5 Qxg3+ 46. Bg2 Nxe3 0-1

[Event "*** Titled Tuesday Blitz"]
[Site "Chess.com"]
[Date "2021.04.06"]
[Round "2"]
[White "Sychev_Klementy"]
[Black "Ladislav1969"]
[Result "1-0"]
[WhiteElo "2887"]
[BlackElo "2352"]
[TimeControl "180+1"]
[EndTime "10:18:59 PDT"]
[Termination "Sychev_Klementy won on time"]

1. e4 c5 2. Nf3 e6 3. d4 cxd4 4. Nxd4 a6 5. Bd3 Nc6 6. Nxc6 dxc6 7. Nd2 e5 8. Nc4 Nf6 9. O-O Bd6 10. b3 b5 11. Nxd6+ Qxd6 12. a4 b4 13. Bc4 Qe7 14.
Qe2 O-O 15. f3 a5 16. Be3 Be6 17. Rfd1 Rfd8 18. g3 h6 19. Kg2 Nd7 20. Rd2 Nc5 21.
Rad1 Rxd2 22. Rxd2 Re8 23. Bxe6 Nxe6 24. Qa6 Rd8 25. Qxa5 Rxd2+ 26. Bxd2 c5 27. Qa8+ Kh7 28. Be3 Qd6 29. Qd5 Qa6 30. Kf2 Nd4 31. Bxd4 cxd4 32. Qxe5 Qc6 33. Qf5+ Kg8 34. e5 Qc5 35. Kg2 g6 36. Qe4 Qc3 37. e6 f5 38. Qa8+ Kg7 39. Qb7+ Kh8 40. e7 Qxc2+ 41. Kh3 Qe2 42. Qd7 Qf1+ 43. Kh4 g5+ 44. Kh5 1-0

[Event "*** Titled Tuesday Blitz"]
[Site "Chess.com"]
[Date "2021.04.06"]
[Round "2"]
[White "Ceejay271"]
[Black "biostatistician"]
[Result "1-0"]
[WhiteElo "2357"]
[BlackElo "2617"]
[TimeControl "180+1"]
[EndTime "10:18:59 PDT"]
[Termination "Ceejay271 won by resignation"]

1. d4 Nf6 2. c4 g6 3. Nc3 Bg7 4. e4 d6 5. Nf3 O-O 6. Be2 e5 7. d5 a5 8. Bg5 h6 9. Be3 Ng4 10. Bd2 f5 11. h3 Nf6 12. exf5 gxf5 13. Qc1 f4 14. g3 e4 15. Nh4 e3 16. fxe3 fxg3 17. Ng6 Rf7 18. Qc2 g2 19. Rg1 Bxh3 20. Nf4 Qd7 21. Qg6 Qf5 22. Qg3 Bg4 23. e4 Qd7 24. Rxg2 h5 25. Bxg4 Qxg4 26. Ne6 Qxg3+ 27. Rxg3 Kh8 28. O-O-O Na6 29. Rdg1 Rg8 30. Be3 Nc5 31. Nxc5 dxc5 32. Bxc5 Bh6+ 33. Kc2 Rxg3 34. Rxg3 Kh7 35.
e5 Bf4 36. e6 Rg7 37. Rxg7+ Kxg7 38. Bd4 Kg6 39. Bxf6 Kxf6 40. Kd3 h4 41. Ne4+ Ke7 42. Nf2 a4 43. b3 axb3 44. axb3 Bg3 45. Nh3 Kf6 46. Ke4 Be1 47. Kf3 b6 48. Kg4 Bg3 49. Ng5 Ke7 50. Nf3 Kd6 51. Nxh4 Be5 52. Nf5+ Kc5 53. e7 1-0

[Event "*** Titled Tuesday Blitz"]
[Site "Chess.com"]
[Date "2021.04.06"]
[Round "2"]
[White "pfalcon1949"]
[Black "Rondo_Capriccioso"]
[Result "0-1"]
[WhiteElo "1997"]
[BlackElo "2483"]
[TimeControl "180+1"]
[EndTime "10:19:00 PDT"]
[Termination "Rondo_Capriccioso won by resignation"]

1. c4 Nf6 2. Nc3 g6 3. g3 d6 4. Bg2 Bg7 5. e4 O-O 6. Nge2 c5 7. O-O Nc6 8. d3 Ne8 9. Be3 Nc7 10. d4 cxd4 11. Nxd4 Ne6 12. Nde2 Ne5 13. b3 Ng4 14. Bd2 Bd7 15. h3 Ne5 16. Be3 a6 17. Rc1 Rb8 18. a4 Nc6 19. Qd2 Qa5 20. Rfd1 Rfd8 21. Nd5 Qxd2 22. Rxd2 Nc5 23. Bxc5 dxc5 24.
Rcd1 Kf8 25. f4 Nd4 26. Nxd4 Bxd4+ 27. Kh2 b5 28. axb5 axb5 29. Bf1 b4 30. Bg2 Rdc8 31. Re2 Bc6 32. e5 h5 33. h4 Bd7 34. Bh3 Bxh3 35. Kxh3 e6 36. Nf6 Ra8 37. Red2 Ra3 38. Rd3 Ra2 39.
R1d2 Rca8 40. g4 hxg4+ 41. Kxg4 Rxd2 42. Rxd2 Ra1 43. Rg2 Rb1 44. Rg3 Ke7 45. h5 gxh5+ 46. Nxh5 Bc3 47. Rd3 Rxb3 48. Ng7 Rb1 49. Kf3 Rf1+ 50.
Ke4 Re1+ 51. Kf3 Rg1 52. Nh5 Bd4 53. Nf6 Rb1 54. Ke4 b3 55. Kf3 b2 56. Rb3 Rf1+ 57.
Ke4 b1=Q+ 58. Rxb1 Rxb1 59. f5 Re1+ 60. Kf3 Rf1+ 61.
Ke4 Rxf5 62. Kd3 Rxe5 63. Ng4 Rg5 64. Nh2 Rg3+ 65. Ke4 Re3+ 66. Kf4 f6 67. Ng4 e5+ 68. Kf5 Rf3+ 69. Kg6 Rg3 70. Kh5 Rxg4 71. Kxg4 Ke6 72. Kf3 f5 73. Ke2 f4 74. Kf1 Kf5 75. Ke2 e4 0-1

[Event "*** Titled Tuesday Blitz"]
[Site "Chess.com"]
[Date "2021.04.06"]
[Round "2"]
[White "shimastream"]
[Black "MaevskiyNikolay"]
[Result "1-0"]
[WhiteElo "2968"]
[BlackElo "2572"]
[TimeControl "180+1"]
[EndTime "10:19:01 PDT"]
[Termination "shimastream won by resignation"]

1. e4 c6 2. Nf3 d5 3. d3 g6 4. g3 Bg7 5. Qe2 a5 6. Bg2 a4 7. a3 Bg4 8. Nbd2 e6 9. h3 Bxf3 10.
Nxf3 Ne7 11. h4 h5 12. c3 Nd7 13. Ng5 dxe4 14. Nxe4 Nf5 15. d4 Qe7 16. Bg5 f6 17. Bf4 Nb6 18. Rd1 Rd8 19. O-O Nd5 20. Bc1 Kf7 21. Rfe1 Bh6 22. Bxh6 Rxh6 23. Nc5 e5 24. Qc2 Qc7 25. dxe5 fxe5 26. Qxa4 Rhh8 27. Qb3 b6 28. Bxd5+ cxd5 29. Rxd5 Rxd5 30. Qxd5+ Kf6 31. Nd7+ Kg7 32. Qe6 Rd8 33. Qf6+ Kh7 34. Nf8+ Rxf8 35. Qxf8 e4 36.
Rxe4 Qd7 37. Qe8 Qd1+ 38. Re1 Qd5 39. Qe4 Qd7 40. a4 Kg7 41. b4 Qxa4 42. Qb7+ Kh6 43. Qxb6 Qc2 44. Qc7 Qd2 45. Qf4+ Qxf4 46. gxf4 Nxh4 47.
Re8 Nf5 48. b5 Nd6 49. Rb8 Nc4 50. b6 Na5 51. Kh1 Nc6 52. Ra8 Kg7 53. Kh2 Kf6 54. Kg1 Kf5 55. b7 Kxf4 56. Rc8 1-0

[Event "*** Titled Tuesday Blitz"]
[Site "Chess.com"]
[Date "2021.04.06"]
[Round "2"]
[White "Vesper2018"]
[Black "BilodeauA"]
[Result "0-1"]
[WhiteElo "2560"]
[BlackElo "2897"]
[TimeControl "180+1"]
[EndTime "10:19:02 PDT"]
[Termination "BilodeauA won on time"]

1. e4 e5 2. Nf3 Nc6 3. Bb5 g6 4. c3 a6 5. Ba4 Bg7 6. d4 exd4 7.
cxd4 b5 8. Bb3 Nge7 9. d5 Na5 10. Bc2 d6 11. O-O O-O 12. a4 b4 13. Nd4 Rb8 14. b3 c5 15. dxc6 Nexc6 16. Bb2 Nxd4 17. Bxd4 Bxd4 18. Qxd4 Be6 19. Nd2 Qb6 20. Qf6 Qc5 21.
Rac1 Qe5 22. Qh4 Rfc8 23. Kh1 Rc3 24. f4 Qh5 25. Qf2 Rbc8 26. f5 gxf5 27. exf5 Bd5 28. Bd1 Qg5 29. Rb1 Kh8 30. Nf3 Qf6 31. Be2 Rc2 32.
Rfd1 Bxb3 33. Nd4 Rxe2 34. Nxe2 Bxd1 35. Rxd1 b3 36. Nd4 Rb8 37. Rb1 h6 38. h3 Qe5 39.
Qd2 Nc4 40. Qxh6+ Kg8 41. Qg5+ Qg7 42. Qh4 b2 43. Nf3 Na3 44. f6 Qg6 0-1

[Event "*** Titled Tuesday Blitz"]
[Site "Chess.com"]
[Date "2021.04.06"]
[Round "2"]
[White "Zmeeed63"]
[Black "Rodalquilar"]
[Result "0-1"]
[WhiteElo "2330"]
[BlackElo "2668"]
[TimeControl "180+1"]
[EndTime "10:19:03 PDT"]
[Termination "Rodalquilar won by resignation"]

1. d4 d5 2. c4 e6 3. Nc3 a6 4. b3 Nf6 5. e3 c5 6. Bd3 cxd4 7. exd4 dxc4 8. Bxc4 b5 9. Be2 Bb7 10. Nf3 Bb4 11. Bb2 Nd5 12. Rc1 Qa5 13. a3 Nxc3 14. axb4 Nxd1 15. bxa5 Nxb2 16. Rb1 Nd3+ 17. Bxd3 Bxf3 18. gxf3 Nd7 19. Rc1 Ke7 20. Kd2 Kd6 21.
Be4 Rac8 22. Bb7 Rxc1 23. Rxc1 Nb8 24. Ke3 Rd8 25. Ke4 Rd7 26. Bc8 Rc7 27. Rc5 Rxc5 28. dxc5+ Kxc5 29. f4 Kb4 30. Ke5 Kxa5 31. Kd6 Kb6 32. f5 exf5 33. Bxf5 g6 34. Be4 a5 35. Bd5 f6 36. Ke6 Kc5 37. Be4 f5 38. Bc2 Nc6 39. Kf7 Nd4 40. Bd1 Kb4 41. Kg7 g5 42. Kxh7 g4 43. Kg6 Kc3 44. Kg5 Kd2 45. Bxg4 fxg4 46. Kxg4 a4 47. h4 axb3 0-1

[Event "*** Titled Tuesday Blitz"]
[Site "Chess.com"]
[Date "2021.04.06"]
[Round "2"]
[White "sau6on"]
[Black "gxbg2000"]
[Result "1-0"]
[WhiteElo "2376"]
[BlackElo "1999"]
[TimeControl "180+1"]
[EndTime "10:19:03 PDT"]
[Termination "sau6on won by resignation"]

1. e4 e5 2. Nc3 c6 3. d4 exd4 4.
Qxd4 Nf6 5. e5 Ng8 6. Bf4 d5 7. exd6 Be6 8. O-O-O Nd7 9. Nf3 Qb6 10. Be2 Ngf6 11. Rhe1 O-O-O 12. Ng5 h6 13. Nxe6 fxe6 14. Bc4 e5 15. Bxe5 Nxe5 16. Qxe5 Nd7 17. Qf5 Kb8 18. Re7 Nf6 19. Qe5 Bxe7 20. dxe7+ Ka8 21. exd8=R+ Rxd8 22. Rxd8+ Qxd8 23. f3 a6 24. a4 Qb6 25.
b3 Qg1+ 26. Kb2 Qxg2 27. f4 Ng4 28. Qxg7 Qf3 29. Qf8+ Ka7 30. a5 Ne3 31. Bd3 Qf2 32. Na4 Nd1+ 33. Ka3 Qd4 34. Qc5+ Qxc5+ 35. Nxc5 Kb8 36. f5 Kc7 37. f6 Kd6 38. Nxb7+ Ke6 39. Bxa6 Kxf6 40. Bd3 Ke6 41. a6 Nc3 42. a7 Nd5 43.
a8=Q Nb6 44. Qe8+ Kf6 45. Qd8+ Ke5 46. Qxb6 1-0

[Event "*** Titled Tuesday Blitz"]
[Site "Chess.com"]
[Date "2021.04.06"]
[Round "2"]
[White "gmcorrales"]
[Black "Misha_Bilous"]
[Result "1-0"]
[WhiteElo "2792"]
[BlackElo "2520"]
[TimeControl "180+1"]
[EndTime "10:19:04 PDT"]
[Termination "gmcorrales won on time"]

1. e4 c5 2. Nf3 d6 3. d4 cxd4 4.
Nxd4 Nf6 5. Nc3 a6 6. Be3 e5 7.
Nb3 Be6 8. f3 h5 9. Qd2 Nbd7 10.
O-O-O Be7 11. Kb1 Rc8 12. Nd5 Nxd5 13. exd5 Bf5 14. Bd3 Bxd3 15. Qxd3 Bg5 16. Bf2 g6 17. h4 Bh6 18. g4 Bg7 19. gxh5 Rxh5 20. Rhg1 Kf8 21.
Rg4 Qf6 22. c3 Rf5 23. Nd2 Nc5 24. Bxc5 dxc5 25. Ne4 Qd8 26. d6 Qd7 27. Rg5 Rxg5 28. hxg5 c4 29. Qd5 b5 30. a3 Rd8 31. Ka1 Kg8 32. Nc5 Qf5 33. Nb7 Rd7 34. Qc6 Qc2 35. Rh1 Qf5 36. Qxa6 e4 37. f4 e3 38. Qa8+ Bf8 39.
Qe8 Qd5 40. Qxd7 Qxh1+ 41. Ka2 e2 42. Nd8 Qd5 43. Qe8 Kg7 44. d7 Bxa3 45. Nxf7 Qxf7 46. d8=Q 1-0

[Event "*** Titled Tuesday Blitz"]
[Site "Chess.com"]
[Date "2021.04.06"]
[Round "2"]
[White "rquery98"]
[Black "rynos0411"]
[Result "0-1"]
[WhiteElo "2648"]
[BlackElo "2449"]
[TimeControl "180+1"]
[EndTime "10:19:05 PDT"]
[Termination "rynos0411 won by checkmate"]

1. Nf3 Nf6 2. g3 g6 3. b3 Bg7 4. Bb2 O-O 5. Bg2 d6 6. d4 Nc6 7.
O-O Bf5 8. c4 e5 9. dxe5 Ng4 10.
Nc3 Ngxe5 11. Nxe5 Bxe5 12. Qd2 Qd7 13. Nd5 f6 14. e4 Be6 15. f4 Bxb2 16. Qxb2 Qf7 17. e5 dxe5 18. fxe5 f5 19. Nf4 Kg7 20. Bd5 Nd8 21.
Nxe6+ Nxe6 22. Bxb7 Rab8 23. Bd5 Qe7 24. Rad1 Ng5 25.
Kg2 Rfe8 26. Rfe1 Ne6 27. Qf2 f4 28. Bc6 Red8 29. gxf4 Qf7 30. Rf1 Nxf4+ 31. Kh1 g5 32. Qg3 Qg6 33. Bf3 h5 34. Rg1 Ne6 35. Bd5 g4 36. h3 c6 37. Bg2 Rxd1 38. Rxd1 Rf8 39. h4 Nf4 40. Rd7+ Kh8 41. Rd1 Nxg2 42. Qxg2 Qf5 43.
Qg3 Qe4+ 44. Kg1 Rf3 45. Qg2 Qe3+ 46. Kh1 Rh3+ 47. Qh2 Rxh2+ 48. Kxh2 Qe2+ 49. Kg3 Qxd1 50. Kf4 Qe1 51. Kg5 Qxe5+ 52. Kh6 g3 53. Kg6 g2 54. Kh6 g1=Q 55. c5 Qgg7# 0-1

[Event "*** Titled Tuesday Blitz"]
[Site "Chess.com"]
[Date "2021.04.06"]
[Round "2"]
[White "2Tilted"]
[Black "klimkoj"]
[Result "0-1"]
[WhiteElo "2321"]
[BlackElo "2593"]
[TimeControl "180+1"]
[EndTime "10:19:06 PDT"]
[Termination "klimkoj won by checkmate"]

1. d4 Nf6 2. Nf3 g6 3. c4 Bg7 4. Nc3 O-O 5. e4 d6 6. Be2 Na6 7. O-O e5 8. Be3 exd4 9. Nxd4 Nc5 10. f3 a5 11. Qd2 c6 12. Rad1 Qc7 13. Rfe1 Rd8 14.
Bf1 Be6 15. Nc2 b6 16. Bg5 Qb7 17. Qe3 Rd7 18. Rd2 Ne8 19. Red1 Qa6 20. b3 Qb7 21. Nd4 Qc7 22. Bf4 Rad8 23. h4 h5 24. Bg5 f6 25.
Bf4 Bf7 26. Bg3 Kh7 27. Be2 Ne6 28. Nc2 Qb7 29. f4 Bh6 30. a4 N8g7 31. Qf2 f5 32.
Bd3 fxe4 33. Nxe4 Kh8 34. Nf6 Re7 35. f5 Nxf5 36. Bxf5 gxf5 37. Qxf5 Nf8 38. Rxd6 Bg6 39. Qf2 Rxd6 40. Bxd6 Rf7 41. Be5 Bg7 42. Nd4 Qe7 43. Nxc6 Qc5 44. Qxc5 bxc5 45. Rf1 Bd3 46. Rf3 Be2 47.
Rf2 Bg4 48. Nxa5 Be6 49. Nc6 Rb7 50. Nd8 Rxb3 51. Nxe6 Nxe6 52. Rd2 Nd4 53. Bxd4 cxd4 54. Nd5 d3 55. c5 Bd4+ 56. Kf1 Rb1+ 57. Rd1 Rxd1# 0-1

[Event "*** Titled Tuesday Blitz"]
[Site "Chess.com"]
[Date "2021.04.06"]
[Round "2"]
[White "WinOrTilt"]
[Black "ErikRonka"]
[Result "0-1"]
[WhiteElo "2210"]
[BlackElo "2440"]
[TimeControl "180+1"]
[EndTime "10:19:07 PDT"]
[Termination "ErikRonka won by resignation"]

1. d4 d5 2. Nf3 Nf6 3. e3 Bg4 4. Be2 Nbd7 5. Ne5 Bxe2 6. Qxe2 e6 7. O-O Be7 8. f4 O-O 9. Nd2 Ne8 10. Qh5 Ndf6 11. Qh3 Nd6 12. g4 Nfe4 13. Ndf3 f6 14. Nd3 Qd7 15. b3 b6 16. Bb2 c5 17. c4 dxc4 18.
bxc4 Nxc4 19. Bc1 cxd4 20. exd4 Bc5 21. Nxc5 bxc5 22. Rb1 cxd4 23. Qg2 Nc5 24. Qc2 Qd5 25. Bb2 Nxb2 26. Rxb2 d3 27. Qd2 Ne4 28. Qe3 Rfd8 29. Re1 Nc5 30. Rd1 Rac8 31. Rbd2 Qc4 32. Ne1 e5 33.
fxe5 Qxg4+ 34. Kh1 fxe5 35. Qxe5 Ne4 36. Qb2 Nxd2 37. Qxd2 Qe4+ 38. Ng2 Qe2 39. Qxe2 dxe2 40. Re1 Rd1 41. Kg1 Rxe1+ 42. Nxe1 Rc1 43. Kf2 Ra1 44. Kxe2 Rxa2+ 45. Kf3 Rxh2 46. Ng2 Rxg2 47. Kxg2 Kf7 48. Kf3 Kf6 0-1

[Event "*** Titled Tuesday Blitz"]
[Site "Chess.com"]
[Date "2021.04.06"]
[Round "2"]
[White "dpopadic"]
[Black "NFork"]
[Result "0-1"]
[WhiteElo "2348"]
[BlackElo "1994"]
[TimeControl "180+1"]
[EndTime "10:19:07 PDT"]
[Termination "NFork won by checkmate"]

1. e4 c6 2. d4 d5 3. Nd2 dxe4 4. Nxe4 Bf5 5. Ng3 Bg6 6. h4 h6 7. Nf3 Nd7 8. h5 Bh7 9. Bd3 Bxd3 10. Qxd3 e6 11. Bd2 Ngf6 12. O-O-O Be7 13. Ne4 Nxe4 14.
Qxe4 Nf6 15. Qe2 Qd5 16. Kb1 O-O 17. Ne5 Qe4 18. Be3 Nd5 19. g4 Bg5 20. Rhe1 Bxe3 21. fxe3 Rad8 22. Nd3 b6 23. Nf2 Qh7 24. e4 Nf4 25.
Qf3 e5 26. dxe5 Ne6 27. Rd6 Nd4 28. Qd1 c5 29. c3 Ne6 30. Qd2 Rde8 31. Nd3 Ng5 32.
Qf4 Re7 33. a3 Rfe8 34. Ka1 c4 35. Nb4 Rxe5 36. Nd5 Rxe4 37. Rxe4 Qxe4 38. Qxe4 Rxe4 39. Rd8+ Kh7 40. Rd7 Rxg4 41. Rxa7 Rh4 42. Nxb6 Rxh5 43. a4 Ne4 44. a5 Nc5 45. Ka2 Rh2 46. Ka3 Nd3 47.
Nxc4 Rh4 48. Nd6 f6 49. a6 Rg4 50. Rb7 Nc5 51. Rb6 Ra4# 0-1

[Event "*** Titled Tuesday Blitz"]
[Site "Chess.com"]
[Date "2021.04.06"]
[Round "2"]
[White "woodhy"]
[Black "LEGENYA1998"]
[Result "1/2-1/2"]
[WhiteElo "2427"]
[BlackElo "2211"]
[TimeControl "180+1"]
[EndTime "10:19:08 PDT"]
[Termination "Game drawn by repetition"]

1. e4 c5 2. Nf3 e6 3. d4 cxd4 4.
Nxd4 Nf6 5. Nc3 Bb4 6. Bd3 d5 7.
e5 Nfd7 8. f4 Nc6 9. Nxc6 bxc6 10. O-O Be7 11. Qh5 Nc5 12. Be2 Rb8 13. Kh1 O-O 14.
b3 f6 15. Be3 Qa5 16. Bd4 f5 17. Rf3 g6 18. Qh6 Rf7 19. Rg1 Rb4 20. Bxc5 Bxc5 21. Rgf1 Be7 22. h4 Bf8 23. Qg5 Be7 24. Qg3 Kh8 25. Qh2 Ba6 26. a4 Rd4 27. Bxa6 Qxa6 28.
h5 g5 29. fxg5 Bxg5 30. Re1 Qa5 31. Ref1 h6 32. Ne2 Rh4 33. Rh3 Rxh3 34. Qxh3 Qd2 35. Qd3 Qxd3 36. cxd3 Rb7 37. Rb1 Be3 38. Kh2 c5 39.
Kg3 a5 40. Kf3 Bg5 41. g4 fxg4+ 42. Kxg4 Kg7 43. d4 c4 44. Nc3 Rxb3 45. Rxb3 cxb3 46. Kf3 Bd2 47. Nb1 Bb4 48. Ke2 Kf7 49. Kd1 Be7 50.
Kc1 Bd8 51. Kb2 Bb6 52. Kc3 b2 53. Nd2 Ke7 54. Kd3 Kd7 55. Kc3 Kc6 56. Kd3 Kd7 57. Kc3 Kc6 58. Kd3 Kd7 1/2-1/2

[Event "*** Titled Tuesday Blitz"]
[Site "Chess.com"]
[Date "2021.04.06"]
[Round "2"]
[White "profofchess"]
[Black "GregShahade"]
[Result "1-0"]
[WhiteElo "2515"]
[BlackElo "2705"]
[TimeControl "180+1"]
[EndTime "10:19:10 PDT"]
[Termination "profofchess won by checkmate"]

1. e4 e5 2. Nf3 Nc6 3. Nc3 Nf6 4. Bb5 Nd4 5. Nxd4 exd4 6. Nd5 Nxd5 7. exd5 c6 8. Bc4 Qe7+ 9. Qe2 Qxe2+ 10. Kxe2 Bc5 11. Re1 O-O 12. Kf1 d6 13. d3 Bb6 14. Bf4 Rd8 15. dxc6 bxc6 16. Bxd6 Bf5 17. Bg3 Rd7 18. Re5 g6 19.
Rae1 Kg7 20. Re8 Rxe8 21. Rxe8 h5 22. Be5+ f6 23. Rg8+ Kh7 24. Bxf6 g5 25. Rxg5 Bg6 26. f4 Bd8 27. Bxd8 Rxd8 28. Re5 Rd7 29. g3 Kh6 30. f5 Bf7 31. Be6 Rc7 32. h4 Kg7 33. Kf2 Kf6 34.
Re4 Bxe6 35. fxe6 Ke7 36. Kf3 Rb7 37. b3 Rb5 38. g4 hxg4+ 39. Kxg4 Rc5 40. Re2 Rd5 41.
h5 Kf6 42. e7 Rg5+ 43. Kh4 Rg1 44. e8=Q Rh1+ 45. Kg3 Rg1+ 46. Kh2 Rg5 47. Qe7+ Kf5 48.
Rf2+ Kg4 49. Qe4+ Kxh5 50. Qh7+ Kg4 51. Rg2+ Kf3 52. Rxg5 Ke2 53. Qe4+ Kd2 54. Rg2+ Kc3 55. Qe1+ Kb2 56. c4+ Ka3 57. Qa5# 1-0

[Event "*** Titled Tuesday Blitz"]
[Site "Chess.com"]
[Date "2021.04.06"]
[Round "2"]
[White "alejogarcia1999"]
[Black "Vincent_Vega95"]
[Result "0-1"]
[WhiteElo "2413"]
[BlackElo "2707"]
[TimeControl "180+1"]
[EndTime "10:19:10 PDT"]
[Termination "Vincent_Vega95 won on time"]

1. Nf3 Nf6 2. g3 g6 3. Bg2 Bg7 4. O-O O-O 5. c4 d6 6. Nc3 Nc6 7. Rb1 a5 8. a3 e5 9. b4 axb4 10. axb4 h6 11. b5 Ne7 12. Bb2 Be6 13. d3 Qd7 14.
Re1 Bh3 15. Bh1 Ng4 16. Ra1 f5 17. Qb3 Kh7 18. Rxa8 Rxa8 19. Ra1 Rxa1+ 20. Bxa1 e4 21. dxe4 fxe4 22. Nxe4 Bxa1 23. Neg5+ hxg5 24. Nxg5+ Kg7 25. Nxh3 c6 26. Nf4 Be5 27. bxc6 bxc6 28. Nd3 Bd4 29. e3 Bf6 30. Bf3 Nh6 31. Nf4 Nf7 32. h3 Ne5 33. Bg2 Bg5 34. Qc3 Bf6 35. Qb3 Nf7 36. Kh2 Be5 37. Nd3 Qe6 38. Qb7 Bf6 39. Qb4 g5 40. Ne1 Ne5 41. c5 d5 42. Nc2 Nd3 43.
Nd4 Qd7 44. Qc3 Nxf2 45. Qc2 Bxd4 46. exd4 Qf5 47. Qe2 Ne4 48. Qa6 Qd7 49. Qd3 Qe6 50. Qf3 Nf5 51. Qg4 Nxd4 52. Qd1 Qe5 53. Qd3 Nf5 54. Bxe4 Qxe4 55. Qc3+ Qd4 0-1